Map: Inside and Out

Players

soO

  • Race: Zerg Zerg
  • Spawn Location: 7:00

trigger - Winner!

  • Race: Protoss Protoss
  • Spawn Location: 1:00

Event: DreamHack SC2 Masters 2022 Atlanta (Offline)

VOD

Have the link to the VOD?

Description

Time

  • Played on: Nov. 18, 2022, 10:53 a.m.
  • Length: 10:45

All games in this series

Show
View Real Time Build Order
Export as new Build Order

soO Zerg 

Build Orders: Hatch First, Swarm Host 

Get SALT Encoding   

  12  0:01  Drone  
  13  0:12  Overlord  
  13  0:16  Drone  
  14  0:30  Drone x2  
  16  0:48  Hatchery  
  15  0:51  Drone  
  15  0:54  Drone  
  17  0:58  Drone  
  18  1:09  Extractor  
  17  1:13  Spawning Pool  
  17  1:16  Drone  
  17  1:19  Drone  
  18  1:29  Drone  
  19  1:39  Drone  
  20  1:50  Drone  
  21  2:00  Queen x2  
  21  2:01  Zergling x4  
  27  2:11  Overlord  
  27  2:12  Drone  
  27  2:13  Metabolic Boost  
  28  2:32  Hatchery  
  28  2:33  Drone x2  
  28  2:35  Drone  
  30  2:40  Drone  
  31  2:45  Queen  
  31  2:50  Overlord  
  33  2:56  Drone x2  
  35  3:06  Drone  
  35  3:08  Queen, Drone x2  
  35  3:09  Drone  
  41  3:14  Drone x2  
  41  3:17  Overlord  
  43  3:21  Zergling x2  
  43  3:31  Drone x2  
  43  3:36  Drone  
  43  3:39  Drone  
  45  3:47  Queen  
  47  3:48  Drone  
  47  3:49  Queen, Drone x2  
  47  3:50  Drone  
  47  3:53  Drone  
  53  3:56  Drone  
  53  3:59  Drone  
  55  4:08  Drone  
  52  4:13  Zergling x10  
  52  4:15  Overlord  
  57  4:18  Overlord  
  57  4:22  Spore Crawler, Overlord  
  56  4:25  Drone  
  56  4:27  Spore Crawler  
  56  4:29  Drone  
  57  4:38  Drone x4  
  61  4:40  Drone x2  
  61  4:42  Drone x2  
  65  4:48  Lair  
  65  4:49  Drone  
  65  4:51  Extractor  
  65  4:59  Drone x2  
  66  5:00  Drone  
  66  5:01  Drone x4  
  66  5:02  Drone, Roach Warren  
  66  5:06  Drone x2  
  72  5:07  Evolution Chamber  
  71  5:15  Drone x3  
  71  5:16  Drone  
  71  5:18  Extractor x2  
  70  5:21  Drone x3  
  70  5:24  Drone x3  
  70  5:26  Drone x2  
  70  5:27  Drone x2  
  78  5:28  Overlord  
  78  5:30  Drone x2  
  80  5:36  Overlord  
  80  5:42  Overlord  
  79  5:43  Zerg Missile Weapons Level 1  
  79  5:48  Extractor x2  
  79  5:49  Overlord  
  77  5:52  Overlord  
  77  5:56  Drone x3  
  80  5:57  Spore Crawler, Drone  
  80  6:00  Glial Reconstitution  
  80  6:04  Drone  
  80  6:06  Overseer  
  80  6:13  Overlord  
  80  6:17  Overlord  
  80  6:18  Hatchery  
  79  6:19  Drone x2  
  79  6:23  Drone  
  79  6:24  Infestation Pit, Roach x7  
  95  6:29  Roach x3  
  101  6:42  Roach x5  
  111  6:49  Overlord  
  111  6:50  Overlord  
  111  6:51  Overseer  
  111  6:55  Overlord  
  108  7:03  Drone x3  
  108  7:06  Overlord  
  111  7:15  Swarm Host x8  
  135  7:17  Nydus Network  
  135  7:19  Overseer  
  134  7:27  Swarm Host  
  134  7:28  Swarm Host  
  139  7:32  Swarm Host  
  139  7:35  Queen, Drone x4  
  139  7:36  Zergling x10  
  153  7:37  Ravager  
  153  7:43  Overlord  
  154  7:45  Overlord  
  154  7:46  Zerg Missile Weapons Level 2  
  154  7:49  Overlord  
  154  7:52  Overlord  
  154  7:54  Ravager x2  
  154  7:56  Overlord  
  156  8:00  Nydus Canal  
  155  8:07  Swarm Host x2  
  155  8:08  Zergling x2  
  155  8:09  Zergling x16  
  169  8:13  Extractor  
  169  8:15  Ravager  
  169  8:24  Nydus Canal  
  156  8:35  Zergling x4, Roach x11  
  156  8:39  Swarm Host  
  181  8:44  Ravager  
  181  8:46  Overlord  
  182  8:53  Swarm Host x2  
  185  9:08  Roach x7  
  196  9:10  Overseer  
  196  9:11  Hive  
  181  9:24  Nydus Canal  
  181  9:26  Zergling x4  
  181  9:27  Zergling x26  
  196  9:33  Ravager  
  179  9:48  Roach  
  179  9:49  Zergling x16, Roach x2  
  182  10:00  Hydralisk Den  
  182  10:01  Roach x9  
Show
View Real Time Build Order
Export as new Build Order

trigger Protoss - Winner!

Build Orders: 1 Gate Expand, Oracle Opening 

Get SALT Encoding   

  12  0:00  Probe  
  13  0:12  Probe  
  14  0:19  Pylon  
  14  0:24  Probe  
  15  0:37  Probe (Chrono Boost)  
  15  0:38  Gateway  
  16  0:46  Probe (Chrono Boost)  
  16  0:47  Assimilator  
  17  0:52  Probe  
  18  1:04  Probe  
  19  1:16  Probe  
  20  1:23  Nexus  
  20  1:29  Probe  
  21  1:37  Cybernetics Core  
  21  1:43  Assimilator  
  21  1:44  Probe  
  22  1:52  Pylon  
  22  1:56  Probe  
  23  2:10  Probe (Chrono Boost)  
  23  2:11  Adept (Chrono Boost)  
  23  2:14  Warp Gate  
  26  2:19  Probe (Chrono Boost)  
  27  2:28  Probe (Chrono Boost)  
  28  2:30  Stargate  
  28  2:33  Adept  
  28  2:36  Probe (Chrono Boost)  
  32  2:45  Probe x2 (Chrono Boost)  
  32  2:50  Probe (Chrono Boost)  
  33  2:51  Probe  
  35  3:02  Probe  
  35  3:03  Probe  
  35  3:04  Pylon  
  37  3:10  Oracle (Chrono Boost)  
  37  3:14  Probe  
  37  3:15  Probe  
  37  3:18  Gateway  
  42  3:27  Probe  
  43  3:28  Probe  
  44  3:39  Probe  
  44  3:40  Probe  
  47  3:41  Oracle  
  47  3:47  Nexus  
  47  3:49  Pylon  
  47  3:51  Probe  
  47  3:52  Probe  
  49  3:56  Assimilator  
  49  4:02  Adept  
  49  4:03  Probe  
  49  4:09  Probe  
  51  4:15  Oracle (Chrono Boost), Probe  
  51  4:16  Assimilator  
  49  4:23  Probe (Chrono Boost)  
  53  4:24  Adept  
  53  4:27  Probe (Chrono Boost)  
  53  4:29  Twilight Council  
  53  4:30  Forge  
  56  4:37  Pylon  
  58  4:38  Probe (Chrono Boost)  
  58  4:39  Probe (Chrono Boost)  
  58  4:43  Sentry, Probe (Chrono Boost)  
  58  4:44  Pylon  
  61  4:47  Probe  
  62  4:55  Probe  
  62  4:56  Blink  
  62  4:59  Probe  
  63  5:00  Probe  
  63  5:04  Sentry  
  63  5:06  Zealot  
  68  5:07  Probe (Chrono Boost)  
  68  5:08  Shield Battery  
  68  5:12  Gateway, Probe (Chrono Boost)  
  71  5:15  Probe (Chrono Boost)  
  71  5:19  Probe (Chrono Boost)  
  72  5:24  Protoss Ground Weapons Level 1 (Chrono Boost), Probe (Chrono Boost)  
  72  5:26  Probe x2 (Chrono Boost), Assimilator  
  75  5:29  Sentry x2  
  75  5:30  Probe, Assimilator  
  75  5:34  Probe  
  75  5:35  Probe  
  82  5:42  Probe  
  82  5:46  Robotics Facility, Probe  
  82  5:47  Probe  
  82  5:49  Pylon  
  84  5:50  Pylon  
  84  5:54  Gateway, Probe  
  84  5:55  Gateway  
  85  5:57  Stalker, Pylon  
  85  5:58  Probe  
  85  6:01  Stalker  
  90  6:05  Probe  
  90  6:08  Stalker  
  90  6:09  Pylon  
  90  6:10  Pylon  
  93  6:22  Stalker  
  93  6:25  Probe  
  96  6:28  Stalker  
  96  6:31  Stalker  
  100  6:33  Observer (Chrono Boost)  
  100  6:35  Robotics Bay  
  100  6:36  Pylon  
  101  6:40  Probe x2  
  103  6:47  Nexus, Robotics Facility  
  103  6:48  Pylon  
  103  6:51  Stalker x3  
  109  6:56  Pylon  
  109  7:02  Immortal (Chrono Boost), Stalker x2  
  109  7:08  Photon Cannon  
  117  7:10  Probe  
  117  7:12  Shield Battery  
  117  7:14  Stalker  
  120  7:26  Stalker x4  
  120  7:28  Protoss Ground Weapons Level 2 (Chrono Boost)  
  128  7:31  Disruptor (Chrono Boost)  
  128  7:33  Disruptor (Chrono Boost), Probe  
  128  7:34  Shield Battery, Probe  
  136  7:47  Stalker  
  138  7:52  Gateway  
  138  7:53  Gateway  
  138  7:56  Stalker x2  
  142  7:59  Disruptor  
  145  8:11  Stalker x3  
  151  8:19  Photon Cannon  
  151  8:22  Shield Battery  
  151  8:23  Stalker x2  
  155  8:31  Disruptor  
  151  8:35  Stalker x3  
  160  8:48  Photon Cannon  
  160  8:55  Disruptor (Chrono Boost), Stalker x2  
  164  8:59  Stalker x2  
  171  9:03  Pylon  
  171  9:05  Pylon  
  171  9:09  Pylon  
  167  9:19  Colossus (Chrono Boost)  
  164  9:25  Stalker x3  
  164  9:27  Probe x3  
  164  9:28  Colossus (Chrono Boost), Assimilator  
  164  9:29  Stalker  
  164  9:30  Stalker  
  183  9:33  Assimilator  
  183  9:36  Probe  
  184  9:49  Stalker x5  
  184  9:51  Probe  
  193  9:59  Zealot  
  195  10:02  Pylon  
  188  10:23  Stalker x2  
  188  10:27  Pylon  
  185  10:36  Pylon  
  169  10:44  Zealot x5  
Tags
 
Add a new tag
Caveats
  • Supply blocks, unpowered buildings, or Contaminate may cause inaccurate times.
  • Supply counts are checked every 10 seconds.